 Dungeon Crawl Stone Soup version 0.23.2-1-ga50397a (webtiles) character file.

Game seed: 16797552440570186066

66 xveg the Skirmisher (level 4, 0/40 HPs)
             Began as a Hill Orc Abyssal Knight on May 9, 2019.
             Was a Believer of Lugonu.
             Killed by divine providence
             ... invoked by an orc priest
              (10 damage)
             ... on level 4 of the Dungeon.
             The game lasted 00:03:06 (2310 turns).

xveg the Skirmisher (Hill Orc Abyssal Knight)       Turns: 2310, Time: 00:03:07

Health: 0/40       AC:  5    Str: 15    XL:     4   Next: 15%
Magic:  5/6        EV:  5    Int: 12    God:    Lugonu [**....]
Gold:   42         SH: 10    Dex: 10    Spells: 3/3 levels left

rFire    . . .     SeeInvis .   a - +2 hand axe
rCold    . . .     Gourm    .   g - +0 large shield
rNeg     . . .     Faith    .   e - +0 ring mail
rPois    .         Spirit   .   (no helmet)
rElec    .         Reflect  .   (no cloak)
rCorr    .         Harm     .   (no gloves)
MR       .....                  (no boots)
Stlth    ..........             (no amulet)
HPRegen  0.13/turn              (no ring)
MPRegen  0.10/turn              (no ring)

@: no status effects
A: no striking features
a: Depart the Abyss, Bend Space, Renounce Religion, Convert to Beogh


You were on level 4 of the Dungeon.
You worshipped Lugonu.
Lugonu was pleased with you.
You were not hungry.

You visited 1 branch of the dungeon, and saw 4 of its levels.
You visited the Abyss 1 time.

You collected 42 gold pieces.

Inventory:

Hand Weapons
 a - a +2 hand axe (weapon)
 d - a +0 short sword of venom
Missiles
 f - 19 sling bullets
Armour
 b - a +0 leather armour
 e - a +0 ring mail (worn)
 g - a +0 large shield (worn)
Scrolls
 h - 2 scrolls of identify
 i - a scroll of amnesia {unknown}
 j - a scroll of enchant armour {unknown}
Potions
 k - a potion of invisibility {unknown}
Comestibles
 c - 3 rations


   Skills:
 + Level 4.3 Fighting
 + Level 3.9 Axes
 + Level 2.7 Armour
 + Level 1.2 Dodging
 + Level 0.4 Shields
 + Level 2.8 Invocations


You had 3 spell levels left.
You didn't know any spells.
Your spell library was empty.

Dungeon Overview and Level Annotations

Branches:
Dungeon (4/15)
 Temple: D:4-7

Altars:


Message History

There is a stone staircase leading up here.
Firing (i - inventory) No suitable missiles.
Press: ? - help, Shift-Dir - straight line, f - orc priest
Aim: an orc priest, wielding a +0 dagger
Okay, then. 2 orcs come into view.
The orc shouts! x2
The orc enters a dispersal trap!
The orc blinks! x3; The orc priest blinks!
The orc blinks! x3; You blink.
The orc blinks!
The orc moves out of view.
You hit the orc.
The orc is almost dead.
You block the orc's attack.
The orc priest shouts, "Beogh is our master!
Accept the truth or die!"
You hit the orc.
You kill the orc!
Lugonu accepts your kill. Space bends around you!
You blink.
You block the orc's attack.
The orc priest mumbles some strange prayers to Beogh against you.
Beogh smites you!
You die...

#########
........##
..[......#
.....^...#
.o.......##
#..o....<.#
##...oo.o@#
#........#
#.........#
#.#.....).#
#
##....ยง.#
#......#
##.....#
#.....#
##...##


You could see an orc priest and 3 orcs.

Vanquished Creatures
  2 adders (D:2)
  2 worms (D:2)
  2 dart slugs
  2 leopard geckos (D:2)
  An orc (D:4)
  4 goblins (D:1)
  4 hobgoblins
  A quokka (D:2)
  7 bats
  2 frilled lizards (D:2)
  6 kobolds (D:2)
  5 rats
38 creatures vanquished.

Notes
Turn   | Place    | Note
-------+----------+-------------------------------------------
     0 | Abyss:1  | xveg the Hill Orc Abyssal Knight began the quest for the
                  | Orb.
     0 | Abyss:1  | Reached XP level 1. HP: 19/19 MP: 2/2
     8 | D:1      | Escaped the Abyss
    18 | D:1      | Reached skill level 1 in Dodging
   158 | D:1      | Reached XP level 2. HP: 23/27 MP: 3/3
   207 | D:1      | Reached skill level 4 in Fighting
  1142 | D:2      | Reached XP level 3. HP: 33/33 MP: 5/5
  1248 | D:2      | Reached ** piety under Lugonu
  1752 | D:2      | Reached XP level 4. HP: 34/40 MP: 6/6
  2279 | D:3      | Noticed an ogre
  2310 | D:4      | Killed from afar by an orc priest

Skill      XL: |  1  2 |
---------------+-------+-----
Dodging        | 1 |  1.2
Fighting       | 4 |  4.3
Axes           | 3 |  3.9
Armour         | |  2.7
Shields        | |  0.4
Invocations    | |  2.8

Action                   |  1- 3 |  4- 6 || total
-------------------------+-------+-------++-------
Melee: Hand axe          |    97 |    13 ||   110
Invok: Bend Space        |       |     2 ||     2
  Use: Scroll            |     3 |       ||     3
       Potion            |     1 |       ||     1
  Eat: Chunk             |     2 |     2 ||     4
       Ration            |       |     1 ||     1
Armor: Leather armour    |     2 |       ||     2
       Ring mail         |    28 |     8 ||    36
Dodge: Dodged            |    25 |     7 ||    32
Block: Large shield      |    35 |    11 ||    46
